AoeStats
← Carple

Arena

505567825Analyzed
1v1 RM · 23d ago on Sep 10, 2026· 42m 52s· 2 players
Game mode
Random Map
Map size
Tiny (2 player)
Population
200
Speed
Normal
Resources
Standard
Victory
Conquest
Starting age
Dark Age
Ending age
Imperial Age
RankedLock teamsTeams togetherTeam positionsShared explorationLock speedFull tech treeHidden civsTurbo modeCheats
Victory
Defeat
🇺🇸 Franks · United States
1248
+18
🇨🇦 Japanese · Canada
1283
-18
Lonewolf666
11:05 Feudal Age
14:41 Castle Age
15:48 Double-Bit Axe
17:22 Wheelbarrow
22:31 Gold Mining
22:56 Bow Saw
23:46 Loom
28:31 Imperial Age
26:19 Hand Cart
26:19 Scale Barding Armor
26:25 Forging
26:52 Ballistics
28:21 Gold Shaft Mining
27:46 Pikeman
28:28 Squires
28:14 Arson
28:53 Chain Barding Armor
28:44 Forging
29:20 Cavalier
32:01 Iron Casting
32:29 Paladin
34:17 Blast Furnace
33:53 Plate Barding Armor
33:24 Fletching
33:34 Padded Archer Armor
34:15 Conscription
33:59 Chivalry
34:09 Husbandry
33:52 Man-at-Arms
34:56 Long Swordsman
35:39 Two-Handed Swordsman
36:28 Champion
37:30 Scale Mail Armor
37:45 Leather Archer Armor
37:34 Elite Skirmisher
39:17 Coinage
Carple
10:01 Feudal Age
8:16 Loom
11:35 Double-Bit Axe
17:06 Castle Age
15:05 Horse Collar
16:42 Forging
16:33 Scale Mail Armor
16:35 Stone Mining
16:58 Gold Mining
17:12 Arson
18:11 Squires
17:58 Gambesons
19:37 Bow Saw
19:36 Heavy Plow
21:11 Fervor
21:54 Wheelbarrow
23:25 Iron Casting
23:55 Chain Mail Armor
27:04 Town Watch
28:43 Pikeman
30:05 Scale Barding Armor
29:53 Fletching
35:46 Imperial Age
35:03 Hand Cart
35:51 Halberdier
36:59 Conscription
37:57 Blast Furnace
38:12 Plate Mail Armor
39:56 Two-Man Saw
38:58 Town Patrol
Connection lost

Rejoining the realm…

Still unreachable

The connection could not be restored.

Session expired

The server has moved on; the page needs a fresh start.